 Dungeon Crawl Stone Soup version 0.29-a0-322-g68df515428 (webtiles) character file.

Game seed: 15223883881199246803

2153 kae the Conjurer (level 9, -13/52 HPs)
             Began as a Tengu Fire Elementalist on Apr 8, 2022.
             Mangled by an orc warrior
             ... wielding a +0 halberd
              (17 damage)
             ... on level 6 of the Dungeon.
             The game lasted 00:05:22 (7697 turns).

kae the Conjurer (Tengu Fire Elementalist)          Turns: 7697, Time: 00:05:23

Health: -13/52     AC:  2    Str: 12    XL:     9   Next: 31%
Magic:  17/17      EV: 17    Int: 20    God:
Gold:   209        SH:  0    Dex: 14    Spells: 4/17 levels left

rFire   . . .      SeeInvis .   l - +9 war axe of Zusele {venom, Str+3}
rCold   . . .      Faith    .   (no shield)
rNeg    . . .      Spirit   .   a - +0 robe
rPois   .          Reflect  .   (helmet restricted)
rElec   .          Harm     .   (no cloak)
rCorr   .          Rampage  .   (no gloves)
Will    .....                   (boots unavailable)
Stlth   ++........              (no amulet)
HPRegen 0.17/turn               v - +4 ring of slaying
MPRegen 0.15/turn               (no ring)

@: flying quickly and evasively, quick
A: beak, talons 3, nimble flight
a: no special abilities


You were on level 6 of the Dungeon.
You visited 1 branch of the dungeon, and saw 6 of its levels.
You also visited: Ossuary.

You collected 289 gold pieces.
You spent 80 gold pieces at shops.

Inventory:

Hand Weapons
 d - the +2 rapier of Balance {vorpal, Will++ Str-3 SInv}
   (You acquired it on level 5 of the Dungeon)

   It inflicts extra damage upon your enemies.
   Str:       It affects your strength (-3).
   SInv:      It lets you see invisible.
   Will:      It greatly increases your willpower.
 l - the +9 war axe of Zusele (weapon) {venom, Str+3}
   (You found it on level 3 of the Dungeon)

   It poisons the flesh of those it strikes.
   Str:       It affects your strength (+3).
 r - the +7 hand axe of Righteous Anger {freeze, rPois}
   (You found it on level 5 of the Dungeon)

   It freezes those it strikes, dealing additional cold damage.
   It can also slow down cold-blooded creatures.
   rPois:     It protects you from poison.
Armour
 a - a +0 robe (worn)
Jewellery
 v - a +4 ring of slaying (left hand)
Wands
 m - a wand of polymorph (7)
 u - a wand of iceblast (8)
Scrolls
 e - 4 scrolls of amnesia
 n - 2 scrolls of fear
 q - a scroll of blinking
Potions
 b - 2 potions of magic
 c - 2 potions of invisibility
 f - 3 potions of flight
 g - 2 potions of cancellation
 h - a potion of haste
 i - 2 potions of heal wounds
 j - 2 potions of lignification {unknown}
 k - 11 potions of curing {unknown}
 o - a potion of degeneration {unknown}
 p - 4 potions of might {unknown}
 s - 2 potions of brilliance {unknown}
 t - a potion of berserk rage {unknown}


   Skills:
 + Level 4.6 Fighting
 + Level 5.1 Armour
 + Level 5.7 Dodging
 - Level 2.0 Stealth
 + Level 4.8 Spellcasting
 + Level 6.6 Conjurations
 + Level 6.2 Fire Magic


You had 4 spell levels left.
You knew the following spells:

 Your Spells              Type           Power      Damage    Failure   Level
a - Foxfire               Conj/Fire      100%       2x1d9     1%          1
b - Scorch                Fire           60%        2d8       1%          2
c - Conjure Flame         Conj/Fire      30%        6-21      2%          3
d - Inner Flame           Hex/Fire       17%        N/A       10%         3
e - Flame Wave            Conj/Fire      30%        2d8       9%          4

Your spell library contained the following spells:

 Spells                   Type           Power      Damage    Failure   Level


Dungeon Overview and Level Annotations

Branches:
Dungeon (6/15)            Ossuary (visited)
 Temple: D:4-7

Altars:
Ashenzari
Elyvilon
Qazlal
Vehumet
Yredelemnul

Shops:
D:1 =   D:2 [*(?:

Annotations:
D:6 exclusion: statue


Innate Abilities, Weirdness & Mutations

You have a beak for a mouth.
You have claws for feet.
Your magical nature lets you fly swiftly and evasively.


Message History

2 orcs come into view.
The orc shouts!
You hear a shout!
There are monsters nearby!
The orc misses you.
The orc shouts!
You slash the orc!
You kill the orc!
The orc barely misses you.
Things that are here:
a +0 hand axe; an orc corpse You slash the orc!
You kill the orc!
No target in view!
No target in view!
An orc warrior and an orc come into view.
The orc shouts!
Things that are here:
a +0 trident; an orc corpse
Found a stone staircase leading down.
The orc warrior misses you.
There are monsters nearby!
You hit the orc warrior.
The orc warrior is poisoned.
You claw the orc warrior.
The orc warrior is moderately wounded.
The orc warrior hits you with a +0 halberd.
You barely miss the orc warrior.
The orc warrior is moderately wounded.
The orc warrior hits you with a +0 halberd! x2
You are too injured to fight recklessly!
You are too injured to fight recklessly!
You are too injured to fight recklessly!
You are too injured to fight recklessly!
You are too injured to fight recklessly!
You are too injured to fight recklessly!
You barely miss the orc warrior.
You peck the orc warrior, but do no damage.
The orc warrior is moderately wounded.
The orc warrior hits you with a +0 halberd!!
* * * LOW HITPOINT WARNING * * *
The orc warrior hits you from afar with a +0 halberd!
You die...

#..# #####..###
..##......### #
............# ##>
#>........... .o#
#..#......##. #o##
##.##.....####
#.####..###....# #.
#.@))...###....###.
#...###..##....##..
##.## ##..#........
#.# ###.#####...
### #.# ##.# #.#
#.# .## ### #


You could see an orc warrior (very poisoned) and an orc.

Vanquished Creatures
  Sigmund (D:5)
  A wyvern (D:6)
  2 black bears
  2 ogres
  2 centaurs
  A phantom (D:6)
  10 scorpions (Ossuary)
  A howler monkey (D:4)
  4 centaur zombies (Ossuary)
  A hound (D:5)
  A jelly (D:5)
  2 orc priests (D:4)
  3 iguanas
  A scorpion zombie (Ossuary)
  3 orc wizards
  4 mummies
  6 adders
  A white imp (D:5)
  An ufetubus (D:4)
  3 worms
  2 dart slugs
  16 orcs
  6 endoplasms
  A giant cockroach (D:1)
  4 goblins
  9 hobgoblins
  2 jackals (D:1)
  5 quokkas
  6 ball pythons
  5 bats
  3 frilled lizards
  2 gnoll zombies (Ossuary)
  A goblin zombie (Ossuary)
  3 hobgoblin zombies (Ossuary)
  8 kobolds
  4 kobold zombies (Ossuary)
  5 orc zombies
  7 rats
139 creatures vanquished.

Vanquished Creatures (others)
  186 foxfires
186 creatures vanquished.

Grand Total: 325 creatures vanquished

Notes
Turn   | Place    | Note
-------+----------+-------------------------------------------
     0 | D:1      | kae the Tengu Fire Elementalist began the quest for the
                  | Orb.
     0 | D:1      | Reached XP level 1. HP: 10/10 MP: 4/4
   182 | D:1      | Reached XP level 2. HP: 16/16 MP: 4/6
   209 | D:1      | Learned a level 2 spell: Scorch
   510 | D:1      | Found Jifew's Jewellery Boutique.
   738 | D:1      | Reached XP level 3. HP: 18/20 MP: 2/7
  1374 | D:2      | Reached skill level 1 in Fighting
  1374 | D:2      | Reached skill level 1 in Armour
  1450 | D:2      | Reached XP level 4. HP: 25/25 MP: 5/8
  2030 | D:2      | Found Uzosox's Book Shoppe.
  2065 | D:2      | Found Daebyrghu's Assorted Antiques.
  2074 | D:2      | Gained mutation: Your magical nature lets you fly swiftly
                  | and evasively. [Tengu growth]
  2074 | D:2      | Reached XP level 5. HP: 29/29 MP: 6/9
  2101 | D:2      | Bought a viscous emerald potion for 24 gold pieces
  2208 | D:2      | Found Jyucikki's Antique Weapon Shop.
  2460 | D:2      | Found Eshrucut's Armour Shoppe.
  2753 | D:2      | Found Anesa's Magic Scroll Shoppe.
  2757 | D:2      | Bought a scroll of identify for 28 gold pieces
  2757 | D:2      | Bought a scroll of identify for 28 gold pieces
  2788 | D:3      | Found a faded altar of an unknown god.
  2926 | D:3      | Learned a level 3 spell: Conjure Flame
  2962 | D:3      | Learned a level 3 spell: Inner Flame
  3006 | D:3      | Identified the +9 war axe of Zusele {venom, Str+3}
  3134 | D:3      | Found a basalt altar of Yredelemnul.
  3196 | D:3      | Found a white marble altar of Elyvilon.
  3370 | D:3      | Found a broken altar of Ashenzari.
  3619 | D:4      | Reached XP level 6. HP: 16/35 MP: 11/11
  4092 | D:4      | Noticed a black bear
  4097 | D:4      | Killed a black bear
  4680 | D:5      | Entered Level 5 of the Dungeon
  4683 | D:5      | Identified a scroll of acquirement
  4683 | D:5      | Acquired the +2 rapier of Balance {vorpal, Will++ Str-3
                  | SInv}
  4741 | D:5      | Reached XP level 7. HP: 28/40 MP: 12/12
  4852 | D:5      | Noticed Sigmund
  4857 | D:5      | Killed Sigmund
  4979 | D:5      | Identified the +7 hand axe of Righteous Anger {freeze,
                  | rPois}
  5266 | D:5      | Reached skill level 5 in Fire Magic
  5534 | D:5      | Reached XP level 8. HP: 22/46 MP: 14/14
  5917 | D:5      | Reached skill level 5 in Conjurations
  6004 | D:6      | Found a sand-covered staircase.
  6013 | Ossuary  | Entered an ossuary
  6306 | Ossuary  | Reached skill level 5 in Dodging
  6622 | Ossuary  | Reached XP level 9. HP: 31/52 MP: 16/16
  6978 | D:6      | Found a radiant altar of Vehumet.
  7290 | D:6      | Reached skill level 5 in Armour
  7552 | D:6      | Found a stormy altar of Qazlal.
  7558 | D:6      | Learned a level 4 spell: Flame Wave
  7697 | D:6      | Mangled by an orc warrior

Illustrated notes

Levels and vault maps discovered:
D:1:      amcnicky_arrival_gap_in_the_tavern_cellar, layout_loops_ring,
          serial_shops, nicolae_shop_hallway_stairs
D:2:      minmay_spotlight, layout_basic, serial_shops, shop,
          nicolae_shop_crystal, nicolae_shop_stone, nicolae_shop_stone, shop
D:3:      layout_rooms, kennysheep_ying_yang, nicolae_ashenzari_skybound,
          nicolae_ecumenical_oubliette
D:4:      black_bear_nest_2, layout_basic
D:5:      layout_basic, dk_noncrumbling_2, kennysheep_boxes, uniq_sigmund
D:6:      layout_layer_cave, grunt_qazlal_sundering, vehumet_statue,
          nicolae_ossuary_entry_giza, uniq_eustachio

Skill      XL: |  1  2  3  4  5  6  7  8  9 |
---------------+----------------------------+-----
Conjurations   | 2 3 4 6 |  6.6
Fighting       | 1 2 3 4 |  4.6
Armour         | 1 2 3 4 5 |  5.1
Dodging        | 3 4 5 |  5.7
Fire Magic     | 4 5 6 |  6.2
Spellcasting   | 3 4 |  4.8
Stealth        | |  2.0

Action                   |  1- 3 |  4- 6 |  7- 9 || total
-------------------------+-------+-------+-------++-------
Melee: Unarmed           |    15 |     6 |       ||    21
       Peck              |     4 |     8 |    24 ||    36
       Kick              |     4 |    12 |    34 ||    50
       War axe           |       |    42 |   119 ||   161
       Punch             |       |     1 |     1 ||     2
 Cast: Foxfire           |    56 |    57 |     5 ||   118
       Scorch            |     1 |     4 |     2 ||     7
  Use: Scroll            |     3 |    12 |     3 ||    18
       Potion            |       |     1 |       ||     1
 Stab: Sleeping          |       |     2 |     4 ||     6
       Invisible         |       |     1 |       ||     1
Armor: Robe              |     3 |     6 |    29 ||    38
Dodge: Dodged            |     8 |    59 |   119 ||   186

Table legend: (Time is in decaauts)
 A = Elapsed time spent in this place.
 B = Non-inter-level travel time spent in this place.
 C = Inter-level travel time spent in this place.
 D = Time resting spent in this place.
 E = Time spent auto-exploring this place.
 F = Levels seen in this place.
 G = Mean time per level.
                   A        B        C        D        E       F      G
               +--------+--------+--------+--------+--------+-----+--------+
         Total |   7534 |   7330 |    204 |    804 |   5498 |   7 | 1076.3 |
       Dungeon |   6562 |   6358 |    204 |    595 |   4949 |   6 | 1093.7 |
       Ossuary |    971 |    971 |      0 |    209 |    548 |   1 |  971.0 |
               +--------+--------+--------+--------+--------+-----+--------+

Top non-repeatable levels by time:
     D:1: 1417 daAuts
     D:2: 1393 daAuts
     D:5: 1252 daAuts
     D:4: 1211 daAuts
 Ossuary: 971 daAuts
     D:6: 736 daAuts
     D:3: 551 daAuts
